 Dungeon Crawl Stone Soup version 0.19.4-9-g45fd643 (webtiles) character file.

92 dynamoDes the Digger (level 4, 0/24 HPs)
             Began as a Deep Elf Earth Elementalist on Feb 19, 2017.
             Succumbed to an adder's poison
             ... on level 2 of the Dungeon.
             The game lasted 00:07:05 (1026 turns).

dynamoDes the Digger (Deep Elf Earth Elementalist)  Turns: 1026, Time: 00:07:06

Health: 0/24       AC:  3    Str:  3 (6)  XL:     4   Next: 35%
Magic:  14/20      EV: 13    Int: 17 (20) God:
Gold:   35         SH:  0    Dex: 12 (15) Spells: 2 memorised, 6 levels left

rFire  . . .     SeeInvis .     b - 20 stones
rCold  . . .     Gourm    .     c - +0 robe
rNeg   . . .     Faith    .     (no shield)
rPois  .         Spirit   .     (no helmet)
rElec  .         Reflect  .     o - +0 cloak
rCorr  .         Harm     .     (no gloves)
MR     .....                    (no boots)
Stlth  ++........               (no amulet)
                                (no ring)
                                r - ring of magical power

@: lethally poisoned (0 -> -6), very slightly contaminated, invisible
A: no striking features
a: no special abilities


You were on level 2 of the Dungeon.
You were not hungry.

You visited 1 branch of the dungeon, and saw 2 of its levels.

You collected 35 gold pieces.

Inventory:

Hand Weapons
 a - a +2 short sword of protection
Missiles
 b - 20 stones (in hand)
 j - 22 poisoned needles
Armour
 c - a +0 robe (worn)
 o - a +0 cloak (worn)
Jewellery
 r - a ring of magical power (left hand)
Scrolls
 i - a scroll of amnesia {unknown}
 l - 3 scrolls of random uselessness
 n - a scroll of teleportation {unknown}
 p - a scroll of identify
 s - a scroll of immolation {unknown}
Potions
 g - a potion of magic
 m - a potion of agility
Books
 e - a book of Geomancy

   Spells                             Type                      Level
   a - Sandblast                      Earth                        1
   b - Passwall                       Transmutation/Earth          2
   c - Stone Arrow                    Conjuration/Earth            3
   d - Petrify                        Transmutation/Earth          4
   e - Lee's Rapid Deconstruction     Earth                        5
Comestibles
 d - 2 bread rations
 f - 2 chunks of flesh
 q - 5 fruits


   Skills:
 + Level 3.4 Dodging
 + Level 3.4 Stealth
 + Level 3.9 Spellcasting
   Level 1.1 Transmutations
 + Level 4.3 Earth Magic


You had 6 spell levels left.
You knew the following spells:

 Your Spells              Type           Power        Failure   Level  Hunger
a - Sandblast             Erth           ###...       2%          1    None
b - Stone Arrow           Conj/Erth      ##....       21%         3    ###....


Dungeon Overview and Level Annotations

Branches:
Dungeon (2/15)

Altars:

Annotations:
D:2 Terence


Message History

Confirm with . or Enter, or press ? or * to list all spells.
Aiming: Sandblast
Press: ? - help, Shift-Dir - straight line, f/p - Terence
Aim: Terence, wielding a hand axe of electrocution and wearing a ring mail (heavily wounded)
The rocky blast hits Terence.
Terence is almost dead.
The adder bites you.
* * * LOW HITPOINT WARNING * * *
You are lethally poisoned!
The adder poisons you! Terence closely misses you. The adder bites you.
* * * LOW HITPOINT WARNING * * *
It was a potion of invisibility.
You fade into invisibility!
* * * LOW HITPOINT WARNING * * *
You feel sick. The adder misses you. Terence barely misses you.
You are very lightly contaminated with residual magic.
It was a potion of degeneration.
There was something very wrong with that liquid.
You feel weakened.
You feel dopey.
You feel clumsy.
You die...

#.## .# ..##.####.....
#.##.##K...#.#
###..#.##....#.#
#.......# ...#.#
#####.....# ..#.#
......#...# #.#.#
......#...####.#.#
......#)>.......@#
......##..######S#
......##..#.....@......#
......###.#.##.......#..
#####(###.# #.....#.#
..........# #...### #
#.........# .....
#.........# ##.#.#
#.........# .....


You could see Terence and an adder.

Vanquished Creatures
  Crazy Yiuf (D:2)
  Jessica (D:2)
  2 dart slugs
  7 hobgoblins
  3 jackals (D:1)
  5 kobolds
  4 bats (D:1)
  7 goblins (D:1)
  4 rats
34 creatures vanquished.

Notes
Turn   | Place    | Note
-------+----------+-------------------------------------------
     0 | D:1      | dynamoDes the Deep Elf Earth Elementalist began the quest for the Orb.
     0 | D:1      | Reached XP level 1. HP: 10/10 MP: 6/6
   149 | D:1      | Reached XP level 2. HP: 14/15 MP: 4/8
   496 | D:1      | Reached skill level 4 in Earth Magic
   558 | D:1      | Reached XP level 3. HP: 17/19 MP: 6/9
   628 | D:1      | Learned a level 3 spell: Stone Arrow
   685 | D:2      | Noticed Jessica
   688 | D:2      | Killed Jessica
   753 | D:2      | Found a runed door.
   758 | D:2      | Noticed Crazy Yiuf
   762 | D:2      | Killed Crazy Yiuf
   762 | D:2      | Reached XP level 4. HP: 24/24 MP: 7/11
   828 | D:2      | Noticed Terence
  1024 | D:2      | HP: 1/24 [poisoned by an adder]
  1026 | D:2      | Succumbed to an adder's poison

Skill      XL: |  1  2  3 |
---------------+----------+-----
Earth Magic    | 4 |  4.3
Dodging        | 3 |  3.4
Stealth        | 3 |  3.4
Spellcasting   | |  3.9
Transmutations | |  1.1

Action                   |  1- 3 |  4- 6 || total
-------------------------+-------+-------++-------
Melee: Short sword       |    17 |     7 ||    24
 Cast: Sandblast         |    31 |     6 ||    37
  Use: Scroll            |     3 |       ||     3
       Potion            |       |     2 ||     2
 Stab: Sleeping          |     2 |     4 ||     6
Armor: Robe              |    11 |       ||    11
Dodge: Dodged            |    26 |     5 ||    31
